AoeStats
← mabelmastiff

Black Forest

506994000Analyzed
4v4 RM · 18d ago on Sep 16, 2026· 56m 15s· 8 players
Game mode
Random Map
Map size
Large (8 player)
Population
200
Speed
Normal
Resources
Standard
Victory
Conquest
Starting age
Dark Age
Ending age
Imperial Age
RankedLock teamsTeams togetherTeam positionsShared explorationLock speedFull tech treeHidden civsTurbo modeCheats
Victory
Defeat
🇬🇧 Britons · United Kingdom
827
+19
🇺🇸 Franks · United States
756
+22
🇺🇸 Bohemians · United States
743
+22
🇺🇸 Persians · United States
723
+23
🇨🇴 Italians · Colombia
904
-69
🇦🇷 Lithuanians · Argentina
898
-22
🇦🇺 Britons · Australia
881
-21
🇨🇳 Romans · China
877
-21
ISpillTheCoffee
0:30 Loom
11:39 Feudal Age
14:16 Town Watch
14:24 Double-Bit Axe
14:51 Fishing Lines
17:59 Horse Collar
18:13 Stone Mining
24:09 Castle Age
24:39 Wheelbarrow
23:59 Gold Mining
24:02 Fletching
25:40 Bow Saw
25:33 Heavy Plow
26:12 Gold Shaft Mining
26:19 Padded Archer Armor
26:32 Gillnets
27:44 Caravan
28:25 Bodkin Arrow
29:30 Leather Archer Armor
33:02 Fortified Wall
33:13 Ballistics
33:05 Masonry
33:23 Hand Cart
37:00 Imperial Age
34:58 Yeomen
36:44 Forging
36:35 Scale Mail Armor
37:23 Man-at-Arms
37:50 Arson
38:05 Squires
37:51 Gambesons
39:17 Chemistry
39:22 Two-Man Saw
38:25 Bracer
39:09 Conscription
40:05 Long Swordsman
41:02 Two-Handed Swordsman
42:21 Iron Casting
42:02 Chain Mail Armor
42:39 Champion
45:01 Plate Mail Armor
45:38 Elite Longbowman
mabelmastiff
10:12 Loom
12:16 Feudal Age
13:13 Double-Bit Axe
20:10 Castle Age
19:20 Wheelbarrow
24:46 Caravan
30:11 Imperial Age
29:22 Fortified Wall
30:30 Bow Saw
30:06 Light Cavalry
31:47 Stone Mining
31:47 Gold Mining
32:21 Husbandry
32:44 Conscription
33:54 Ballistics
33:31 Murder Holes
34:52 Hand Cart
36:36 Forging
36:27 Scale Mail Armor
36:32 Scale Barding Armor
36:18 Fletching
36:28 Padded Archer Armor
36:41 Chivalry
37:36 Gold Shaft Mining
36:29 Cavalier
40:17 Chemistry
39:17 Paladin
41:49 Chain Mail Armor
41:55 Chain Barding Armor
43:15 Plate Mail Armor
43:25 Iron Casting
huntrixLoL
0:39 Loom
14:32 Feudal Age
20:40 Castle Age
22:29 Double-Bit Axe
22:40 Horse Collar
23:22 Heavy Plow
23:35 Bow Saw
30:12 Gold Mining
30:15 Stone Mining
31:30 Gold Shaft Mining
31:52 Wheelbarrow
31:07 Town Watch
33:32 Hand Cart
36:13 Imperial Age
34:42 Scale Barding Armor
35:26 Town Patrol
36:25 Chain Barding Armor
36:17 Forging
36:43 Elite War Elephant
38:07 Plate Barding Armor
38:11 Iron Casting
38:04 Conscription
38:20 Husbandry
38:51 Bloodlines
48:53 Blast Furnace
52:05 Padded Archer Armor
51:58 Fletching
krook
0:59 Loom
12:21 Feudal Age
13:00 Horse Collar
13:08 Double-Bit Axe
19:27 Castle Age
21:12 Scale Mail Armor
21:22 Forging
21:26 Bow Saw
21:18 Heavy Plow
31:22 Imperial Age
31:03 Chain Mail Armor
31:24 Iron Casting
30:13 Pikeman
32:38 Chemistry
32:42 Squires
34:28 Fletching
34:51 Siege Engineers
36:22 Wheelbarrow
35:35 Town Watch
36:18 Bodkin Arrow
37:03 Conscription
36:51 Wagenburg Tactics
37:26 Fortified Wall
37:34 Masonry
37:36 Houfnice
39:22 Caravan
39:01 Halberdier
39:28 Arson
40:10 Elite Hussite Wagon
40:16 Elite Hussite Wagon
44:54 Murder Holes
45:30 Architecture
45:34 Plate Mail Armor
46:05 Blast Furnace
45:05 Bracer
DOZZER
0:29 Loom
12:36 Feudal Age
13:15 Horse Collar
13:24 Double-Bit Axe
21:12 Castle Age
20:30 Stone Mining
20:30 Gold Mining
21:13 Fletching
22:53 Bow Saw
25:35 Ballistics
25:13 Bodkin Arrow
25:57 Padded Archer Armor
28:57 Gold Shaft Mining
29:23 Heavy Plow
30:13 Leather Archer Armor
30:13 Fortified Wall
33:50 Caravan
36:30 Imperial Age
34:46 Wheelbarrow
34:36 Arson
34:52 Squires
34:13 Pikeman
36:41 Elite Longbowman
37:54 Ring Archer Armor
37:24 Bracer
38:30 Chemistry
39:37 Onager
41:03 Caravan
jesuscontrabando
3:46 Loom
13:16 Feudal Age
17:02 Castle Age
15:53 Double-Bit Axe
18:12 Bow Saw
31:15 Imperial Age
29:10 Gold Mining
29:43 Forging
29:39 Scale Barding Armor
30:29 Stone Mining
31:21 Elite Leitis
32:22 Conscription
34:53 Iron Casting
34:39 Chain Barding Armor
35:26 Fortified Wall
38:06 Plate Barding Armor
41:52 Chemistry
41:13 Ballistics
43:24 Fletching
43:34 Padded Archer Armor
49:59 Onager
50:59 Tower Shields
小厮如斯
0:29 Loom
10:46 Feudal Age
19:12 Castle Age
17:26 Double-Bit Axe
18:01 Stone Mining
20:32 Bow Saw
20:05 Horse Collar
20:57 Gold Mining
27:04 Fishing Lines
28:25 Heavy Plow
30:46 Caravan
30:48 Gillnets
36:35 Imperial Age
34:42 Wheelbarrow
33:53 Town Watch
34:40 Ballistas
34:47 Man-at-Arms
35:28 Squires
34:49 Pikeman
35:49 Masonry
35:35 Murder Holes
35:46 Scale Mail Armor
35:57 Forging
35:37 Fletching
36:39 Heavy Scorpion
36:41 Capped Ram
36:47 Long Swordsman
37:52 Chain Mail Armor
38:33 Conscription
39:37 Architecture
39:13 Siege Engineers
39:32 Ballistics
40:04 Hand Cart
39:50 Town Patrol
40:50 Halberdier
40:51 Legionary
44:52 Crop Rotation
47:03 Iron Casting
46:24 Bodkin Arrow
47:40 Chemistry
48:16 Siege Ram
55:14 Blast Furnace
56:18 Fortified Wall
jhtorob
14:29 Feudal Age
12:47 Loom
16:49 Wheelbarrow
16:42 Double-Bit Axe
17:23 Horse Collar
21:42 Castle Age
19:45 Gold Mining
20:41 Stone Mining
23:33 Bow Saw
29:54 Hand Cart
31:52 Silk Road
35:23 Caravan
36:51 Thumb Ring
36:51 Padded Archer Armor
36:42 Fletching
43:46 Ballistics
43:37 Fortified Wall
43:31 Heavy Plow
45:13 Leather Archer Armor
44:54 Bodkin Arrow
51:15 Imperial Age
52:37 Ring Archer Armor
52:08 Bracer
53:49 Conscription
52:52 Elite Genoese Crossbowman
Connection lost

Rejoining the realm…

Still unreachable

The connection could not be restored.

Session expired

The server has moved on; the page needs a fresh start.